 Dungeon Crawl Stone Soup version 0.27-a0-1196-g3e9cee4cb2 (webtiles) character file.

Game seed: 10544737259088520790

355 mordus the Slasher (level 6, -12/47 HPs)
             Began as a Formicid Abyssal Knight on May 28, 2021.
             Was a Believer of Lugonu.
             Mangled by an ogre
             ... wielding a +0 giant club
              (27 damage)
             ... on level 5 of the Dungeon.
             The game lasted 00:07:21 (4100 turns).

mordus the Slasher (Formicid Abyssal Knight)        Turns: 4100, Time: 00:07:22

Health: -12/47     AC: 10    Str: 18    XL:     6   Next: 95%
Magic:  9/9        EV:  9    Int: 12    God:    Lugonu [**....]
Gold:   282        SH:  0    Dex: 10    Spells: 5/5 levels left

rFire    x . .     SeeInvis +   a - +1 falchion
rCold    + + .     Faith    +   (no shield)
rNeg     + . .     Spirit   .   f - +0 ice dragon scales
rPois    +         Reflect  .   (helmet unavailable)
rElec    .         Harm     .   (no cloak)
rCorr    .         Rampage  .   (no gloves)
Will     .....                  (no boots)
Stlth    ..........             h - amulet of faith
HPRegen  0.15/turn              i - ring of poison resistance
MPRegen  0.11/turn              d - ring of positive energy

@: no status effects
A: permanent stasis, dig shafts and tunnels, antennae 3, four strong arms
a: Dig, Shaft Self, Renounce Religion, Depart the Abyss, Bend Space


You were on level 5 of the Dungeon.
You worshipped Lugonu.
Lugonu was pleased with you.
You visited 1 branch of the dungeon, and saw 5 of its levels.
You visited the Abyss 1 time.

You collected 282 gold pieces.

Inventory:

Hand Weapons
 a - a +1 falchion (weapon)
Armour
 b - a +0 leather armour
 f - +0 ice dragon scales (worn)
Jewellery
 d - a ring of positive energy (right hand)
 g - a ring of resist corrosion
 h - an amulet of faith (around neck)
 i - a ring of poison resistance (left hand)
 o - a ring of wizardry
 r - a ring of fire
Wands
 p - a wand of iceblast (10)
Scrolls
 c - a scroll of holy word {unknown}
 j - 3 scrolls of blinking {unknown}
 l - a scroll of fear {unknown}
 m - 4 scrolls of identify {unknown}
 q - 4 scrolls of noise {unknown}
 s - 3 scrolls of magic mapping {unknown}
Potions
 k - 2 potions of ambrosia {unknown}
 n - 2 potions of curing {unknown}
Miscellaneous
 e - a lightning rod (4/4)


   Skills:
 - Level 3.4 Fighting
 * Level 5.0 Long Blades
 + Level 4.1 Armour
 - Level 0.8 Dodging
 + Level 4.3 Invocations


You had 5 spell levels left.
You didn't know any spells.
Your spell library contained the following spells:

 Spells                   Type           Power      Damage    Failure   Level
 Dispel Undead            Necr           0%         3d6       100%        4
 Borgnjor's Vile Clutch   Necr/Erth      0%         N/A       100%        5
 Excruciating Wounds      Necr           0%         N/A       100%        5
 Starburst                Conj/Fire      0%         8x6d3     100%        6


Dungeon Overview and Level Annotations

Branches:
Dungeon (5/15)
 Temple: D:4-7

Altars:
Ashenzari
Nemelex Xobeh
The Shining One


Innate Abilities, Weirdness & Mutations

You cannot be hasted, slowed, berserked, paralysed or teleported.
You can dig through walls and to a lower floor.
You have a pair of large antennae on your head. (SInv)
Your four strong arms can wield two-handed weapons with a shield.


Message History

Done exploring.
No target in view!
Done exploring.
No target in view!
(D) Dungeon
Where to? (Enter - D:15, ? - help)
There is a stone staircase leading down here.
You climb downwards.
There is a stone staircase leading up here.
Sorry, I don't know how to get there.
Found 10 stones.
An ogre comes into view. It is wielding a +0 giant club.
The ogre shouts!
An ogre is nearby!
You hit the ogre.
The ogre is lightly wounded.
The ogre hits you with a +0 giant club!!
You hit the ogre.
The ogre is moderately wounded.
You barely miss the ogre.
The ogre is moderately wounded.
The ogre hits you with a +0 giant club!
* * * LOW HITPOINT WARNING * * *
You are too injured to fight recklessly!
You are too injured to fight recklessly!
You completely miss the ogre.
The ogre is moderately wounded.
The ogre closely misses you.
You slash the ogre!
The ogre is heavily wounded.
The ogre closely misses you.
You riposte.
You hit the ogre.
The ogre is severely wounded.
You hit the ogre.
The ogre is severely wounded.
The ogre barely misses you.
You closely miss the ogre.
The ogre is severely wounded.
The ogre hits you with a +0 giant club!!
Ouch! That really hurt!
You die...

...............
................
................
................
................
#.............
.........O.# .
#.....@# ..
#.....## #...
#.....## .....
#.....<#...(..
#....##....#
....##.....#
.... ###..## ...
#.## .. ...


You could see an ogre.

Vanquished Creatures
  A scorpion (D:4)
  A centaur zombie (D:4)
  A centaur skeleton (D:4)
  A hound (D:4)
  An iguana (D:3)
  3 orc wizards (D:4)
  2 adders (D:2)
  7 dart slugs
  8 orcs
  5 endoplasms
  5 giant cockroaches
  7 goblins
  8 hobgoblins
  8 jackals
  9 kobolds
  2 quokkas
  6 ball pythons
  7 bats
  2 frilled lizards (D:1)
  6 rats
90 creatures vanquished.

Vanquished Creatures (others)
  2 fungi (D:4)
2 creatures vanquished.

Grand Total: 92 creatures vanquished

Notes
Turn   | Place    | Note
-------+----------+-------------------------------------------
     0 | Abyss:1  | mordus the Formicid Abyssal Knight began the quest for the
                  | Orb.
     0 | Abyss:1  | Reached XP level 1. HP: 18/18 MP: 2/2
     6 | Abyss:1  | Found a corrupted altar of Lugonu.
    20 | Abyss:1  | Noticed a sixfirhy
   141 | Abyss:2  | Noticed a starcursed mass
   164 | Abyss:3  | Noticed a fire bat
   164 | Abyss:3  | Noticed a fire bat
   164 | Abyss:3  | Noticed a fire bat
   164 | Abyss:3  | Noticed a fire bat
   164 | Abyss:3  | Noticed a vampire knight
   164 | Abyss:3  | Noticed a fire bat
   164 | Abyss:3  | Noticed a fire bat
   164 | Abyss:3  | Noticed a vampire mage
   166 | D:1      | Escaped the Abyss
   356 | D:1      | Reached XP level 2. HP: 24/24 MP: 3/3
   488 | D:1      | Reached * piety under Lugonu
   553 | D:1      | Reached XP level 3. HP: 29/29 MP: 4/4
   837 | D:1      | Reached skill level 3 in Long Blades
  1250 | D:2      | Reached XP level 4. HP: 30/35 MP: 6/6
  1667 | D:2      | Found a broken altar of Ashenzari.
  1777 | D:2      | Reached ** piety under Lugonu
  2193 | D:3      | Identified the Incunabulum of Sinister Heat
  2302 | D:3      | Reached XP level 5. HP: 34/41 MP: 7/7
  2669 | D:3      | Found a faded altar of an unknown god.
  2907 | D:4      | Reached skill level 4 in Long Blades
  2955 | D:4      | Reached XP level 6. HP: 22/47 MP: 8/8
  3131 | D:4      | Found a glowing golden altar of the Shining One.
  3350 | D:4      | Identified the +3 mace of Conoeh {flame, rC+ Str+4 SInv}
  3610 | D:4      | Found a sparkling altar of Nemelex Xobeh.
  3804 | D:4      | Reached skill level 5 in Long Blades
  4088 | D:5      | Entered Level 5 of the Dungeon
  4091 | D:5      | Noticed an ogre
  4100 | D:5      | Mangled by an ogre

Illustrated notes

Levels and vault maps discovered:
D:1:      mrwooster_arrival_statue, layout_basic, st_stairs_5
D:2:      layout_loops_ring, basic_altar, minmay_tree_intersection,
          wad_floor_pattern_untrapped, chequers_jeans, st_stairs_8,
          chequers_decorated_corner, hangedman_glass_garden,
          chequers_serial_rivers_micro_e, kennysheep_generic_room_4
D:3:      layout_rooms, hellmonk_ecumenical_altar_leap_of_faith
D:4:      cheibrodos_quashed, layout_basic, general_overflow_altar,
          tso_metal_star, serial_aquarium, aquarium_bridge_straight
          [aquarium_subvault_bridge, aquarium_subvault_window,
          aquarium_subvault_bridge, aquarium_subvault_wall],
          aquarium_bridge_square [aquarium_subvault_bridge,
          aquarium_subvault_wall, aquarium_subvault_bridge,
          aquarium_subvault_bridge], aquarium_window_2, aquarium_window_fake,
          aquarium_window_corner, aquarium_window_2, aquarium_view_2d,
          aquarium_view_2a, aquarium_pool_five
D:5:      layout_cave_pools, nicolae_overflow_hidden_temple

Skill      XL: |  1  2  3  4  5  6 |
---------------+-------------------+-----
Long Blades    | 3 4 5 |  5.0
Invocations    | 3 4 |  4.3
Armour         | 3 4 |  4.1
Fighting       | |  3.4
Dodging        | |  0.8

Action                   |  1- 3 |  4- 6 || total
-------------------------+-------+-------++-------
Melee: Falchion          |    95 |   188 ||   283
Invok: Depart the Abyss  |     1 |       ||     1
  Use: Scroll            |       |     2 ||     2
Armor: Ice dragon scales |    60 |    88 ||   148
       Leather armour    |     2 |       ||     2
Dodge: Dodged            |    64 |    98 ||   162
       Rpst.: Falchion   |    13 |    25 ||    38

Table legend: (Time is in decaauts)
 A = Elapsed time spent in this place.
 B = Non-inter-level travel time spent in this place.
 C = Inter-level travel time spent in this place.
 D = Time resting spent in this place.
 E = Time spent auto-exploring this place.
 F = Levels seen in this place.
 G = Mean time per level.
                   A        B        C        D        E       F      G
               +--------+--------+--------+--------+--------+-----+--------+
         Total |   4133 |   4061 |     72 |    139 |   3140 |   8 |  516.6 |
       Dungeon |   3968 |   3896 |     72 |    139 |   3061 |   5 |  793.6 |
         Abyss |    165 |    165 |      0 |      0 |     79 |   3 |   55.0 |
               +--------+--------+--------+--------+--------+-----+--------+

Top non-repeatable levels by time:
     D:4: 1270 daAuts
     D:1: 1091 daAuts
     D:2: 953 daAuts
     D:3: 640 daAuts
 Abyss:1: 100 daAuts
 Abyss:2: 41 daAuts
 Abyss:3: 23 daAuts
     D:5: 12 daAuts
